 Dungeon Crawl Stone Soup version 0.31-a0-210-gccc998df9b (webtiles) character file.

Game seed: 6089284325180490385

19114 qw the Cleaver (level 12, -7/77 HPs)
             Began as a Gargoyle Fighter on June 30, 2023.
             Was a High Priest of Okawaru.
             Mangled by a yak (8 damage)
             ... on level 3 of the Lair of Beasts.
             The game lasted 00:07:06 (13047 turns).

qw the Cleaver (Gargoyle Fighter)                  Turns: 13047, Time: 00:07:07

Health: -7/77      AC: 37    Str: 25    XL:     12   Next: 65%
Magic:  19/19      EV:  9    Int:  9    God:    Okawaru [*****.]
Gold:   706        SH:  6    Dex:  9    Spells: 11/11 levels left

rFire   . . .        Y - +0 broad axe
rCold   + . .        c - +0 buckler
rNeg    + . .        p - +0 plate armour
rPois   inf          l - +1 helmet
rElec   +            u - +1 cloak
rCorr   .            f - +0 pair of gloves
SInv    .            C - +0 pair of boots
Will    .....        z - amulet of the acrobat Stlth
                     k - ring of protection from cold
HPRegen 0.32/turn    e - +4 ring of protection
MPRegen 0.16/turn

%: acrobat
@: heroic
A: sickness immunity, AC +8, negative energy resistance 1, electricity
resistance, torment resistance 1, petrification resistance
a: Renounce Religion, Heroism, Finesse, Duel


You were on level 3 of the Lair of Beasts.
You worshipped Okawaru.
Okawaru was extremely pleased with you.
You visited 3 branches of the dungeon, and saw 13 of its levels.

You collected 706 gold pieces.


Innate Abilities, Weirdness & Mutations

You are immune to sickness and miasma.
Your stone body is resilient. (AC +8)
You are immune to poison.
You resist negative energy. (rN+)
You are resistant to electric shocks. (rElec)
You are resistant to unholy torment.
You are immune to petrification.


   Skills:
 - Level 10.2(15.2) Fighting
 + Level 12.4(17.4) Axes
 - Level 9.0(14.0) Armour
 - Level 2.0(7.0) Dodging
 - Level 6.3(11.3) Shields
 - Level 10.0 Invocations


You had 11 spell levels left.
You didn't know any spells.
Your spell library was empty.

Inventory:

Hand Weapons
 i - a +2 flail of protection
 y - a -1 demon whip of venom
 Y - a +0 broad axe (weapon)
Armour
 c - a +0 buckler (worn)
 f - a +0 pair of gloves (worn)
 l - a +1 helmet (worn)
 p - a +0 plate armour (worn)
 u - a +1 cloak (worn)
 C - a +0 pair of boots (worn)
Jewellery
 e - a +4 ring of protection (right hand)
 h - an amulet of guardian spirit
 k - a ring of protection from cold (left hand)
 z - an amulet of the acrobat (around neck)
Scrolls
 g - a scroll of identify
Potions
 d - 2 potions of might
 j - a potion of attraction
 m - a potion of resistance
 n - 2 potions of lignification
 o - a potion of haste
 q - a potion of magic
 r - a potion of cancellation
 s - 2 potions of curing
 t - 2 potions of enlightenment
 v - a potion of mutation

Dungeon Overview and Level Annotations

Branches:
Dungeon (9/15)             Temple (1/1) D:4            Lair (3/5) D:9
  Swamp (0/4) Lair:2        Snake (0/4) Lair:3
    Orc: D:9-12

Altars:
Ashenzari
Cheibriados
Dithmenos
Fedhas
Gozag
Hepliaklqana
Kikubaaqudgha
Makhleb
Nemelex Xobeh
Okawaru
Qazlal
Ru
Sif Muna
Trog
Uskayaw
Vehumet
Wu Jian
Xom
Yredelemnul
Zin
The Shining One

Annotations:
D:3 exclusion: 3 dart slugs
D:7 1 runed translucent door, Crazy Yiuf


Message History

A yak comes into view.
Things that are here:
a +0 long sword; a +0 robe; a naga corpse You slice the naga!!
The naga is severely wounded.
You barely miss the naga. The naga hits you but does no damage.
The naga grabs you. The naga constricts you.
You hit the naga.
The naga is lightly wounded.
You slice the naga!!
You kill the naga!
Okawaru accepts your kill. The naga hits you with a +0 halberd!
The naga constricts you.
You hit the naga but do no damage.
The naga is lightly wounded.
The naga barely misses you. The naga constricts you.
You barely miss the naga.
The naga is lightly wounded.
You slash the wolf! You hit the yak. The wolf bites you.
The yak gores you but does no damage.
You slice the naga!!
You kill the naga!
Okawaru accepts your kill.
You hit the wolf. You hit the yak. The wolf closely misses you.
The wolf bites you but does no damage.
You slice the wolf!!
You kill the wolf!
Okawaru accepts your kill.
You slash the yak! The yak gores you but does no damage.
You barely miss the yak.
The yak is heavily wounded.
You slash the yak! The yak gores you. The yak barely misses you.
You hit the yak.
The yak is heavily wounded.
You slash the yak! The yak gores you!
You die...

........#
.............#
.... ........
..... ......#
##...###....##
.......#.....##
.......#....#.#
......))...<.###
...>..Y@[......#
.......Y##.P...#
.....Y.#####..##
....... #....
##...## .....
..... ....# ....
..### ....


You could see 3 yaks.

Vanquished Creatures
  Sonja (Lair:2)
  Amaemon (D:8)
  Pikel (D:5)
  3 bog bodies (Lair:2)
  2 black mambas (Lair:1)
  An orange demon (D:8)
  3 rime drakes
  6 cane toads
  A hornet (D:8)
  A polar bear (Lair:1)
  A slime creature (D:9)
  Sigmund (D:5)
  3 wyverns
  3 basilisks
  2 shadows (D:9)
  31 yaks
  Grum (D:9)
  A steam dragon (D:9)
  Menkaure (D:6)
  4 nagas (Lair:3)
  16 water moccasins
  2 ice beasts
  3 black bears
  15 wolves
  2 ogres
  2 centaurs
  3 kobold brigands
  Blork the orc (D:4)
  3 bullfrogs
  3 killer bees (D:9)
  5 howler monkeys
  3 hounds
  6 jellies (D:9)
  5 orc priests
  A sleepcap (D:7)
  10 iguanas
  3 orc wizards
  12 gnolls
  7 adders
  2 shadow imps
  5 white imps
  6 ufetubi
  A worm (D:2)
  10 dart slugs
  22 orcs
  7 ball pythons
  3 bats
  17 endoplasms
  6 giant cockroaches
  7 goblins
  2 hobgoblins (D:3)
  5 jackals
  22 kobolds
  3 quokkas
  5 frilled lizards
  3 rats
296 creatures vanquished.

Notes
Turn   | Place    | Note
-------+----------+-------------------------------------------
     0 | D:1      | qw the Gargoyle Fighter began the quest for the Orb.
     0 | D:1      | Reached XP level 1. HP: 14/14 MP: 1/1
     0 | D:1      | 0 ||| qw: Version: 0.3-a-26-gee661ec
     0 | D:1      | 0 ||| qw: Game counter: 7174
     0 | D:1      | 0 ||| qw: Melee chars always use a shield: true
     0 | D:1      | 0 ||| qw: God list: Okawaru
     0 | D:1      | 0 ||| qw: Allow faded altars: false
     0 | D:1      | 0 ||| qw: Do Orc after clearing Dungeon:15 true
     0 | D:1      | 0 ||| qw: Do second Lair branch before Depths: true
     0 | D:1      | 0 ||| qw: Lair rune preference: random
     0 | D:1      | 0 ||| qw: Goals: Normal, Zot:1-4, Slime:5, God:TSO, Crypt,
                  | Tomb, Abyss, Pan, Hells, Win
     0 | D:1      | 0 ||| PLANNING D:1-11
    30 | D:1      | Reached skill level 2 in Axes
    87 | D:1      | Reached XP level 2. HP: 13/19 MP: 2/2
   170 | D:1      | Found a faded altar of an unknown god.
   269 | D:1      | 269 ||| Stepping ~*~*~tactically~*~*~ (stealth).
   271 | D:1      | 271 ||| Stepping ~*~*~tactically~*~*~ (stealth).
   283 | D:1      | Reached skill level 3 in Axes
   314 | D:1      | Reached XP level 3. HP: 23/23 MP: 3/3
   316 | D:1      | 316 ||| Stepping ~*~*~tactically~*~*~ (stealth).
   318 | D:1      | 318 ||| Stepping ~*~*~tactically~*~*~ (stealth).
   561 | D:1      | 561 ||| UPGRADING to +0 cloak.
   566 | D:1      | 566 ||| UPGRADING to amulet of guardian spirit.
   571 | D:1      | 571 ||| READING 2 scrolls labelled JEUSUL YJIXOES.
   572 | D:1      | 572 ||| READING 2 scrolls labelled NAUSY EMEOMEHA.
   573 | D:1      | 573 ||| READING scroll labelled KIZIVVOPTU.
   576 | D:1      | 576 ||| DROPPING scroll of fog.
   646 | D:2      | Found a glowing silver altar of Zin.
  1238 | D:2      | Reached XP level 4. HP: 28/28 MP: 4/4
  1393 | D:2      | 1393 ||| UPGRADING to +0 pair of gloves.
  1398 | D:2      | 1398 ||| READING scroll labelled NAFODI NEONN.
  1399 | D:2      | 1399 ||| READING scroll labelled FIGOKKO CESA.
  1400 | D:2      | 1400 ||| READING scroll labelled VUJIOMAOKH.
  1401 | D:2      | 1401 ||| DRINKING 2 sapphire potions.
  1402 | D:2      | 1402 ||| DRINKING 3 fuming clear potions.
  1410 | D:2      | 1410 ||| DROPPING 2 potions of ambrosia.
  1436 | D:3      | 1436 ||| Stepping ~*~*~tactically~*~*~ (stealth).
  1444 | D:3      | 1444 ||| Stepping ~*~*~tactically~*~*~ (stealth).
  1445 | D:3      | 1445 ||| Stepping ~*~*~tactically~*~*~ (stealth).
  1447 | D:3      | 1447 ||| Stepping ~*~*~tactically~*~*~ (stealth).
  1448 | D:3      | 1448 ||| Stepping ~*~*~tactically~*~*~ (stealth).
  1450 | D:3      | 1450 ||| FLEEEEING.
  1526 | D:3      | Reached skill level 4 in Axes
  1743 | D:3      | 1743 ||| Stepping ~*~*~tactically~*~*~ (stealth).
  1744 | D:3      | 1744 ||| Stepping ~*~*~tactically~*~*~ (stealth).
  1748 | D:3      | 1748 ||| Stepping ~*~*~tactically~*~*~ (stealth).
  1927 | D:3      | 1927 ||| Stepping ~*~*~tactically~*~*~ (hiding).
  2162 | D:3      | 2162 ||| UPGRADING to +1 helmet.
  2238 | D:3      | 2238 ||| UPGRADING to ring of protection from cold.
  2239 | D:3      | 2239 ||| READING scroll labelled HOUCKI HUVIRPHU.
  2240 | D:3      | 2240 ||| READING 3 scrolls of identify.
  2240 | D:3      | 2240 ||| IDENTIFYING murky orange potion
  2281 | D:4      | 2281 ||| READING scroll of enchant weapon.
  2281 | D:4      | 2281 ||| ENCHANTING +1 war axe of protection.
  2302 | D:4      | Reached XP level 5. HP: 18/32 MP: 2/5
  2346 | D:4      | 2346 ||| Stepping ~*~*~tactically~*~*~ (stealth).
  2362 | D:4      | Reached skill level 5 in Axes
  2406 | D:4      | Noticed an ogre
  2413 | D:4      | Killed an ogre
  2414 | D:4      | Reached XP level 6. HP: 39/39 MP: 6/6
  2421 | D:4      | Reached skill level 1 in Dodging
  2448 | D:4      | 2448 ||| READING scroll of enchant weapon.
  2448 | D:4      | 2448 ||| ENCHANTING +2 war axe of protection.
  2495 | D:4      | 2495 ||| Stepping ~*~*~tactically~*~*~ (stealth).
  2560 | D:4      | 2560 ||| Stepping ~*~*~tactically~*~*~ (hiding).
  2750 | D:4      | Noticed Blork the orc
  2758 | D:4      | Killed Blork the orc
  2813 | D:4      | Reached XP level 7. HP: 44/44 MP: 7/7
  2834 | D:4      | Reached skill level 6 in Axes
  2846 | D:4      | Found a staircase to the Ecumenical Temple.
  2847 | D:4      | 2847 ||| PLANNING TEMPLE
  2847 | D:4      | 2847 ||| UPGRADING to +0 plate armour.
  2857 | D:4      | 2857 ||| DROPPING +0 scale mail.
  2858 | D:4      | 2858 ||| READING scroll labelled BYISIH CEYSO.
  2888 | D:4      | 2888 ||| READING 2 scrolls of identify.
  2888 | D:4      | 2888 ||| IDENTIFYING lumpy blue potion
  2895 | Temple   | Entered the Ecumenical Temple
  2895 | Temple   | Found a transporter.
  2895 | Temple   | Found a transporter.
  2897 | Temple   | Found a transporter.
  2897 | Temple   | Found a transporter.
  2907 | Temple   | 2907 ||| PLANNING D:1-11
  2922 | Temple   | 2922 ||| PLANNING OKAWARU WORSHIP
  2927 | Temple   | Became a worshipper of Warmaster Okawaru
  2928 | Temple   | 2928 ||| PLANNING D:1-11
  2928 | Temple   | 2928 ||| REMOVING amulet of guardian spirit.
  3035 | D:4      | 3035 ||| Stepping ~*~*~tactically~*~*~ (hiding).
  3206 | D:4      | 3206 ||| Stepping ~*~*~tactically~*~*~ (stealth).
  3212 | D:4      | 3212 ||| Stepping ~*~*~tactically~*~*~ (hiding).
  3564 | D:5      | Entered Level 5 of the Dungeon
  3670 | D:5      | Noticed Pikel
  3672 | D:5      | 3672 ||| Stepping ~*~*~tactically~*~*~ (stealth).
  3689 | D:5      | Killed Pikel
  3690 | D:5      | Reached skill level 8 in Axes
  3690 | D:5      | Reached XP level 8. HP: 29/48 MP: 8/8
  3966 | D:5      | 3966 ||| DROPPING +0 mace.
  3987 | D:5      | Found a sacrificial altar of Ru.
  3989 | D:5      | 3989 ||| Stepping ~*~*~tactically~*~*~ (stealth).
  4048 | D:5      | 4048 ||| DROPPING +0 mace of protection.
  4307 | D:5      | Noticed Sigmund
  4329 | D:5      | Killed Sigmund
  4329 | D:5      | Reached * piety under Okawaru
  4381 | D:5      | 4381 ||| Stepping ~*~*~tactically~*~*~ (stealth).
  4397 | D:5      | 4397 ||| INVOKING Heroism.
  4667 | D:5      | 4667 ||| UPGRADING to +4 ring of protection.
  4668 | D:5      | 4668 ||| READING 2 scrolls of identify.
  4668 | D:5      | 4668 ||| IDENTIFYING fuming cyan potion
  4669 | D:5      | 4669 ||| DROPPING potion of brilliance.
  4762 | D:5      | Reached skill level 1 in Invocations
  4788 | D:5      | Reached skill level 6 in Fighting
  4937 | D:6      | 4937 ||| Stepping ~*~*~tactically~*~*~ (hiding).
  4953 | D:6      | 4953 ||| FLEEEEING.
  4954 | D:6      | 4954 ||| FLEEEEING.
  4955 | D:6      | 4955 ||| FLEEEEING.
  4956 | D:6      | 4956 ||| FLEEEEING.
  4957 | D:6      | 4957 ||| FLEEEEING.
  4958 | D:6      | 4958 ||| FLEEEEING.
  4959 | D:6      | 4959 ||| FLEEEEING.
  4960 | D:6      | 4960 ||| FLEEEEING.
  4968 | D:6      | Reached skill level 6 in Armour
  4968 | D:6      | Reached XP level 9. HP: 52/55 MP: 10/10
  5022 | D:6      | Noticed Menkaure
  5023 | D:6      | 5023 ||| Stepping ~*~*~tactically~*~*~ (hiding).
  5024 | D:6      | 5024 ||| Stepping ~*~*~tactically~*~*~ (hiding).
  5027 | D:6      | 5027 ||| INVOKING Heroism.
  5032 | D:6      | Killed Menkaure
  5033 | D:6      | Reached skill level 3 in Invocations
  5161 | D:6      | 5161 ||| Stepping ~*~*~tactically~*~*~ (hiding).
  5170 | D:6      | 5170 ||| Stepping ~*~*~tactically~*~*~ (hiding).
  5174 | D:6      | 5174 ||| Stepping ~*~*~tactically~*~*~ (hiding).
  5306 | D:6      | 5306 ||| SWAPPING to +0 broad axe.
  5307 | D:6      | 5307 ||| DROPPING +3 war axe of protection.
  6028 | D:6      | 6028 ||| UPGRADING to +1 cloak.
  6038 | D:6      | 6038 ||| DROPPING +0 cloak.
  6039 | D:6      | 6039 ||| READING scroll labelled ECVOIJOYJE.
  6040 | D:6      | 6040 ||| READING 2 scrolls of identify.
  6040 | D:6      | 6040 ||| IDENTIFYING smoky pink potion
  6092 | D:7      | 6092 ||| Stepping ~*~*~tactically~*~*~ (stealth).
  6098 | D:7      | 6098 ||| INVOKING Heroism.
  6173 | D:7      | 6173 ||| DROPPING +0 flail.
  6221 | D:7      | 6221 ||| Stepping ~*~*~tactically~*~*~ (hiding).
  6237 | D:7      | 6237 ||| INVOKING Heroism.
  6276 | D:7      | 6276 ||| Stepping ~*~*~tactically~*~*~ (stealth).
  6286 | D:7      | 6286 ||| Stepping ~*~*~tactically~*~*~ (hiding).
  6289 | D:7      | 6289 ||| Stepping ~*~*~tactically~*~*~ (hiding).
  6460 | D:7      | 6460 ||| INVOKING Heroism.
  6506 | D:7      | Found a shimmering altar of Xom.
  6543 | D:7      | Found a shimmering altar of Xom.
  6544 | D:7      | Found a shimmering altar of Xom.
  6648 | D:7      | Reached skill level 9 in Axes
  6770 | D:7      | Found a runed translucent door.
  6771 | D:7      | Noticed Crazy Yiuf
  7016 | D:7      | 7016 ||| DRINKING 2 green potions.
  7017 | D:7      | 7017 ||| READING 3 scrolls of identify.
  7017 | D:7      | 7017 ||| IDENTIFYING fuming white potion
  7018 | D:7      | 7018 ||| READING 2 scrolls of identify.
  7018 | D:7      | 7018 ||| IDENTIFYING smoky red potion
  7189 | D:8      | Noticed Amaemon
  7189 | D:8      | Noticed a hornet
  7189 | D:8      | Noticed an orange demon
  7190 | D:8      | 7190 ||| INVOKING Heroism.
  7200 | D:8      | Killed Amaemon
  7200 | D:8      | Reached ** piety under Okawaru
  7201 | D:8      | Reached skill level 6 in Shields
  7203 | D:8      | Killed a hornet
  7214 | D:8      | Killed an orange demon
  7214 | D:8      | Reached *** piety under Okawaru
  7215 | D:8      | Reached XP level 10. HP: 56/64 MP: 13/13
  7262 | D:8      | 7262 ||| Stepping ~*~*~tactically~*~*~ (stealth).
  7315 | D:8      | 7315 ||| INVOKING Heroism.
  7588 | D:8      | 7588 ||| DROPPING scarf of invisibility.
  7589 | D:8      | 7589 ||| UPGRADING to amulet of the acrobat.
  7594 | D:8      | 7594 ||| READING scroll labelled PALUNE LAMO.
  7595 | D:8      | 7595 ||| READING 3 scrolls of identify.
  7595 | D:8      | 7595 ||| IDENTIFYING fuming orange potion
  7596 | D:8      | 7596 ||| READING 2 scrolls of identify.
  7596 | D:8      | 7596 ||| IDENTIFYING emerald potion
  7641 | D:9      | 7641 ||| Stepping ~*~*~tactically~*~*~ (stealth).
  7662 | D:9      | 7662 ||| Stepping ~*~*~tactically~*~*~ (stealth).
  7674 | D:9      | 7674 ||| Stepping ~*~*~tactically~*~*~ (stealth).
  7733 | D:9      | 7733 ||| INVOKING Heroism.
  7738 | D:9      | Reached skill level 10 in Axes
  7797 | D:9      | 7797 ||| FLEEEEING.
  7798 | D:9      | 7798 ||| FLEEEEING.
  7799 | D:9      | 7799 ||| FLEEEEING.
  7800 | D:9      | 7800 ||| FLEEEEING.
  7801 | D:9      | 7801 ||| FLEEEEING.
  7802 | D:9      | 7802 ||| FLEEEEING.
  7803 | D:9      | 7803 ||| FLEEEEING.
  7811 | D:9      | 7811 ||| FLEEEEING.
  7812 | D:9      | 7812 ||| FLEEEEING.
  7813 | D:9      | 7813 ||| FLEEEEING.
  7814 | D:9      | 7814 ||| FLEEEEING.
  7815 | D:9      | 7815 ||| FLEEEEING.
  7816 | D:9      | 7816 ||| FLEEEEING.
  7826 | D:9      | 7826 ||| STAIRDANCE
  7881 | D:8      | 7881 ||| READING scroll labelled NOERIHUE XEIPP.
  8012 | D:9      | 8012 ||| Stepping ~*~*~tactically~*~*~ (stealth).
  8025 | D:9      | 8025 ||| Stepping ~*~*~tactically~*~*~ (hiding).
  8026 | D:9      | 8026 ||| Stepping ~*~*~tactically~*~*~ (hiding).
  8045 | D:9      | 8045 ||| Stepping ~*~*~tactically~*~*~ (hiding).
  8158 | D:9      | 8158 ||| INVOKING Heroism.
  8454 | D:9      | 8454 ||| INVOKING Heroism.
  8492 | D:9      | 8492 ||| FLEEEEING.
  8493 | D:9      | 8493 ||| FLEEEEING.
  8494 | D:9      | 8494 ||| FLEEEEING.
  8495 | D:9      | 8495 ||| FLEEEEING.
  8496 | D:9      | 8496 ||| FLEEEEING.
  8497 | D:9      | 8497 ||| FLEEEEING.
  8498 | D:9      | 8498 ||| FLEEEEING.
  8499 | D:9      | 8499 ||| FLEEEEING.
  8500 | D:9      | 8500 ||| FLEEEEING.
  8501 | D:9      | 8501 ||| FLEEEEING.
  8502 | D:9      | 8502 ||| FLEEEEING.
  8503 | D:9      | 8503 ||| FLEEEEING.
  8504 | D:9      | 8504 ||| FLEEEEING.
  8505 | D:9      | 8505 ||| FLEEEEING.
  8506 | D:9      | 8506 ||| FLEEEEING.
  8507 | D:9      | 8507 ||| FLEEEEING.
  8508 | D:9      | 8508 ||| FLEEEEING.
  8509 | D:9      | 8509 ||| FLEEEEING.
  8510 | D:9      | 8510 ||| FLEEEEING.
  8511 | D:9      | 8511 ||| FLEEEEING.
  8512 | D:9      | 8512 ||| FLEEEEING.
  8513 | D:9      | 8513 ||| FLEEEEING.
  8514 | D:9      | 8514 ||| FLEEEEING.
  8515 | D:9      | 8515 ||| FLEEEEING.
  8516 | D:9      | 8516 ||| FLEEEEING.
  8517 | D:9      | 8517 ||| FLEEEEING.
  8518 | D:9      | 8518 ||| FLEEEEING.
  8519 | D:9      | 8519 ||| FLEEEEING.
  8520 | D:9      | 8520 ||| FLEEEEING.
  8521 | D:9      | 8521 ||| FLEEEEING.
  8522 | D:9      | 8522 ||| FLEEEEING.
  8523 | D:9      | 8523 ||| FLEEEEING.
  8524 | D:9      | 8524 ||| FLEEEEING.
  8525 | D:9      | 8525 ||| FLEEEEING.
  8526 | D:9      | 8526 ||| FLEEEEING.
  8527 | D:9      | 8527 ||| FLEEEEING.
  8528 | D:9      | 8528 ||| FLEEEEING.
  8529 | D:9      | 8529 ||| FLEEEEING.
  8530 | D:9      | 8530 ||| FLEEEEING.
  8531 | D:9      | 8531 ||| FLEEEEING.
  8532 | D:9      | 8532 ||| FLEEEEING.
  8533 | D:9      | 8533 ||| FLEEEEING.
  8534 | D:9      | 8534 ||| FLEEEEING.
  8535 | D:9      | 8535 ||| FLEEEEING.
  8536 | D:9      | 8536 ||| FLEEEEING.
  8538 | D:9      | 8538 ||| FLEEEEING.
  8539 | D:9      | 8539 ||| FLEEEEING.
  8540 | D:9      | 8540 ||| FLEEEEING.
  8541 | D:9      | 8541 ||| FLEEEEING.
  8542 | D:9      | 8542 ||| FLEEEEING.
  8543 | D:9      | 8543 ||| FLEEEEING.
  8544 | D:9      | 8544 ||| FLEEEEING.
  8545 | D:9      | 8545 ||| FLEEEEING.
  8546 | D:9      | 8546 ||| FLEEEEING.
  8547 | D:9      | 8547 ||| FLEEEEING.
  8548 | D:9      | 8548 ||| FLEEEEING.
  8549 | D:9      | 8549 ||| FLEEEEING.
  8550 | D:9      | 8550 ||| FLEEEEING.
  8551 | D:9      | 8551 ||| FLEEEEING.
  8552 | D:9      | 8552 ||| FLEEEEING.
  8553 | D:9      | 8553 ||| FLEEEEING.
  8554 | D:9      | 8554 ||| FLEEEEING.
  8555 | D:9      | 8555 ||| FLEEEEING.
  8557 | D:9      | 8557 ||| FLEEEEING.
  8558 | D:9      | 8558 ||| FLEEEEING.
  8559 | D:9      | 8559 ||| FLEEEEING.
  8560 | D:9      | 8560 ||| FLEEEEING.
  8561 | D:9      | 8561 ||| FLEEEEING.
  8562 | D:9      | 8562 ||| FLEEEEING.
  8563 | D:9      | 8563 ||| FLEEEEING.
  8564 | D:9      | 8564 ||| STAIRDANCE
  8690 | D:9      | 8690 ||| Stepping ~*~*~tactically~*~*~ (hiding).
  8711 | D:9      | 8711 ||| INVOKING Heroism.
  8733 | D:9      | Reached **** piety under Okawaru
  8734 | D:9      | Reached skill level 11 in Axes
  8741 | D:9      | Reached XP level 11. HP: 59/68 MP: 14/14
  8952 | D:9      | Found a staircase to the Lair.
  9034 | D:9      | 9034 ||| INVOKING Heroism.
  9047 | D:9      | 9047 ||| Stepping ~*~*~tactically~*~*~ (cloud).
  9174 | D:9      | Noticed Grum
  9175 | D:9      | 9175 ||| INVOKING Heroism.
  9196 | D:9      | Killed Grum
  9489 | D:9      | 9489 ||| PLANNING LAIR
  9508 | Lair:1   | Entered Level 1 of the Lair of Beasts
  9513 | Lair:1   | 9513 ||| Stepping ~*~*~tactically~*~*~ (water).
  9571 | Lair:1   | 9571 ||| INVOKING Heroism.
  9602 | Lair:1   | 9602 ||| INVOKING Heroism.
  9612 | Lair:1   | Reached skill level 6 in Invocations
  9614 | Lair:1   | Reached skill level 9 in Fighting
  9809 | Lair:1   | 9809 ||| INVOKING Heroism.
  9949 | Lair:1   | 9949 ||| INVOKING Heroism.
  9988 | Lair:1   | 9988 ||| INVOKING Heroism.
 10049 | Lair:1   | 10049 ||| Stepping ~*~*~tactically~*~*~ (stealth).
 10052 | Lair:1   | 10052 ||| INVOKING Heroism.
 10070 | Lair:1   | Found a glowing golden altar of the Shining One.
 10085 | Lair:1   | 10085 ||| Stepping ~*~*~tactically~*~*~ (hiding).
 10253 | Lair:1   | 10253 ||| Stepping ~*~*~tactically~*~*~ (stealth).
 10273 | Lair:1   | 10273 ||| INVOKING Heroism.
 10422 | Lair:1   | Reached skill level 12 in Axes
 10463 | Lair:1   | 10463 ||| Stepping ~*~*~tactically~*~*~ (stealth).
 10465 | Lair:1   | 10465 ||| INVOKING Heroism.
 10495 | Lair:1   | 10495 ||| Stepping ~*~*~tactically~*~*~ (stealth).
 10500 | Lair:1   | Reached XP level 12. HP: 76/76 MP: 18/18
 10550 | Lair:1   | Found the +8 whip "Snakebite" {venom, curare, rPois}
 10703 | Lair:1   | 10703 ||| INVOKING Heroism.
 10711 | Lair:1   | HP: 19/76 [black mamba (10)]
 10712 | Lair:1   | 10712 ||| READING 2 scrolls of teleportation.
 10716 | Lair:1   | 10716 ||| DRINKING 2 potions of heal wounds.
 11121 | Lair:1   | 11121 ||| READING scroll labelled NIAWIYCZEO.
 11153 | Lair:1   | 11153 ||| INVOKING Heroism.
 11283 | Lair:2   | Reached skill level 9 in Armour
 11283 | Lair:2   | Reached skill level 9 in Invocations
 11294 | Lair:2   | 11294 ||| Stepping ~*~*~tactically~*~*~ (stealth).
 11295 | Lair:2   | 11295 ||| Stepping ~*~*~tactically~*~*~ (stealth).
 11298 | Lair:2   | 11298 ||| Stepping ~*~*~tactically~*~*~ (stealth).
 11299 | Lair:2   | 11299 ||| Stepping ~*~*~tactically~*~*~ (stealth).
 11300 | Lair:2   | 11300 ||| Stepping ~*~*~tactically~*~*~ (stealth).
 11386 | Lair:2   | 11386 ||| Stepping ~*~*~tactically~*~*~ (stealth).
 11387 | Lair:2   | 11387 ||| Stepping ~*~*~tactically~*~*~ (stealth).
 11388 | Lair:2   | 11388 ||| Stepping ~*~*~tactically~*~*~ (stealth).
 11665 | Lair:2   | Noticed Sonja
 11685 | Lair:2   | Killed Sonja
 11685 | Lair:2   | Reached ***** piety under Okawaru
 11707 | Lair:2   | 11707 ||| INVOKING Heroism.
 11899 | Lair:2   | 11899 ||| Stepping ~*~*~tactically~*~*~ (hiding).
 11900 | Lair:2   | 11900 ||| Stepping ~*~*~tactically~*~*~ (hiding).
 11986 | Lair:2   | 11986 ||| Stepping ~*~*~tactically~*~*~ (hiding).
 12124 | Lair:2   | Identified the +3 ring mail of Sistrew {rC- Dex+4 SInv}
 12144 | Lair:2   | 12144 ||| INVOKING Heroism.
 12338 | Lair:2   | 12338 ||| Stepping ~*~*~tactically~*~*~ (hiding).
 12339 | Lair:2   | 12339 ||| Stepping ~*~*~tactically~*~*~ (hiding).
 12340 | Lair:2   | 12340 ||| Stepping ~*~*~tactically~*~*~ (hiding).
 12341 | Lair:2   | 12341 ||| Stepping ~*~*~tactically~*~*~ (hiding).
 12343 | Lair:2   | 12343 ||| Stepping ~*~*~tactically~*~*~ (hiding).
 12398 | Lair:2   | 12398 ||| Stepping ~*~*~tactically~*~*~ (hiding).
 12401 | Lair:2   | 12401 ||| Stepping ~*~*~tactically~*~*~ (hiding).
 12402 | Lair:2   | 12402 ||| Stepping ~*~*~tactically~*~*~ (hiding).
 12403 | Lair:2   | 12403 ||| Stepping ~*~*~tactically~*~*~ (hiding).
 12665 | Lair:2   | Found a staircase to the Swamp.
 12677 | Lair:2   | 12677 ||| INVOKING Heroism.
 12678 | Lair:2   | HP: 10/77 [bog body (14)]
 12679 | Lair:2   | 12679 ||| READING scroll of teleportation.
 12680 | Lair:2   | 12680 ||| DRINKING potion of heal wounds.
 12868 | Lair:2   | 12868 ||| UPGRADING to +0 pair of boots.
 12873 | Lair:2   | 12873 ||| READING scroll labelled LOMIAX COFUESH.
 12874 | Lair:2   | 12874 ||| DRINKING 2 lumpy amethyst potions.
 12979 | Lair:2   | 12979 ||| READING 3 scrolls of identify.
 12979 | Lair:2   | 12979 ||| IDENTIFYING ruby potion
 12980 | Lair:2   | 12980 ||| READING 2 scrolls of identify.
 12980 | Lair:2   | 12980 ||| IDENTIFYING brown potion
 12981 | Lair:2   | 12981 ||| DROPPING potion of berserk rage.
 12982 | Lair:2   | 12982 ||| DROPPING potion of degeneration.
 12983 | Lair:2   | 12983 ||| DROPPING potion of invisibility.
 13024 | Lair:3   | Found a staircase to the Snake Pit.
 13033 | Lair:3   | 13033 ||| INVOKING Heroism.
 13036 | Lair:3   | Identified the +0 hat "Vyzab" {Str+3} (Okawaru gifted it to
                  | you on level 3 of the Lair of Beasts)
 13036 | Lair:3   | Received a gift from Okawaru
 13041 | Lair:3   | HP: 8/77 [naga/+0 halberd (13)]
 13046 | Lair:3   | HP: 1/77 [yak (4)]
 13047 | Lair:3   | Mangled by a yak

Levels and vault maps discovered:
D:1:      eino_arrival_druids_welcome, layout_rooms,
          hellmonk_ecumenical_altar_crossroads
D:2:      layout_loops_ring, basic_altar, dk_noncrumbling_3
D:3:      kennysheep_slugbush, layout_basic, nicolae_elyvilon_temple_path,
          serial_bayou_ford_a, due_unseen_surprise
D:4:      minmay_wonky_spiral, layout_basic, minmay_temple_entry_junction_2,
          serial_demonic, serial_demonic_e, serial_demonic_c, serial_demonic_g,
          serial_demonic_e, serial_demonic_g, serial_demonic_f,
          minmay_checkerbox, uniq_blork_the_orc
D:5:      layout_basic, old_standard_altar, columned_hall_lemuel, uniq_pikel,
          uniq_sigmund
D:6:      layout_layer_cave, uniq_menkaure
D:7:      layout_basic, xom_redecorated, uniq_crazy_yiuf_cottage
D:8:      layout_layer_cave, uniq_amaemon
D:9:      lemuel_slime, layout_cave_pods, minmay_lair_entry_grove,
          nrook_pool_corridor, chequers_decorated_corner, uniq_grum
Temple:   hellmonk_temple_divided_pantheon
Lair:1:   minmay_guarded_unrand_snakebite, layout_gridlike, basic_altar,
          minivault_26, grunt_megastairs_1, infiniplex_staircase_pool_2
Lair:2:   layout_regular_city, nicolae_swamp_entry_splash_gauntlet,
          pdpol_lair_neglected_garden, lemuel_fruit_tree, grunt_megastairs_2,
          uniq_sonja
Lair:3:   layout_cave_pods, minmay_snake_entry_guardpost_small,
          beast_lair_carwin_5

Skill      XL: |  1  2  3  4  5  6  7  8  9 10 11 12 |
---------------+-------------------------------------+-----
Axes           | 2 3 4 5 8 9 11 12 | 12.4
Fighting       | 4 6 7 8 9 10 | 10.2
Dodging        | 1 2 |  2.0
Armour         | 4 6 7 8 9 |  9.0
Invocations    | 2 4 8 10 | 10.0
Shields        | 6 |  6.3

Action                     |  1- 3 |  4- 6 |  7- 9 | 10-12 || total
---------------------------+-------+-------+-------+-------++-------
  Melee: War axe           |   141 |   108 |   162 |       ||   411
         Broad axe         |       |       |   105 |   613 ||   718
  Throw: Boomerang         |       |       |     2 |       ||     2
 Invoke: Heroism           |       |       |     6 |    21 ||    27
    Use: Scroll            |     3 |     7 |     7 |    10 ||    27
         Potion            |       |     2 |     1 |     3 ||     6
 Armour: Scale mail        |    99 |    76 |     8 |       ||   183
         Plate armour      |       |       |   177 |   480 ||   657
  Dodge: Dodged            |    64 |    55 |    78 |   273 ||   470
  Block: Buckler           |    22 |    25 |    56 |   180 ||   283

Table legend:
 A = Non-vault XP
 B = Vault XP
 C = Vault XP percentage of total XP
 D = Non-vault monster count
 E = Vault monster count
 F = Vault count percentage of total count
                 A         B        C        D         E       F
            +---------+---------+-------+---------+---------+-------
      Total |   15738 |   11568 |  42.4 |     205 |      91 |  30.7
            +---------+---------+-------+---------+---------+-------
        D:1 |      45 |       0 |   0.0 |      27 |       0 |   0.0
        D:2 |      38 |       0 |   0.0 |      13 |       0 |   0.0
        D:3 |      19 |      36 |  65.5 |      10 |       9 |  47.4
        D:4 |     398 |     241 |  37.7 |      14 |      16 |  53.3
        D:5 |     568 |     887 |  61.0 |      25 |       2 |   7.4
        D:6 |     351 |     169 |  32.5 |      10 |       1 |   9.1
        D:7 |     667 |       0 |   0.0 |      21 |       0 |   0.0
        D:8 |     835 |    1157 |  58.1 |      11 |       2 |  15.4
        D:9 |    1948 |    2853 |  59.4 |      24 |      34 |  58.6
     Lair:1 |    7168 |    2362 |  24.8 |      33 |      16 |  32.7
     Lair:2 |    3108 |    3092 |  49.9 |      15 |       6 |  28.6
     Lair:3 |     593 |     771 |  56.5 |       2 |       5 |  71.4
            +---------+---------+-------+---------+---------+-------
